AoeStats
← Lord_Wilfredo

Oasis

509456265Analyzed
4v4 RM · 6d ago on Sep 26, 2026· 30m 1s· 8 players
Game mode
Random Map
Map size
Large (8 player)
Population
200
Speed
Normal
Resources
Standard
Victory
Conquest
Starting age
Dark Age
Ending age
Imperial Age
RankedLock teamsTeams togetherTeam positionsShared explorationLock speedFull tech treeHidden civsTurbo modeCheats
Victory
Defeat
🇩🇪 Byzantines · Germany
1436
+13
🇧🇷 Poles · Brazil
1399
+15
🇮🇳 Saxons · India
1389
+15
🇦🇷 Huns · Argentina
1386
+15
🇦🇷 Burmese · Argentina
1470
-18
🇦🇷 Varangians · Argentina
1405
-16
🇦🇷 Franks · Argentina
1320
-13
🇦🇷 Britons · Argentina
1292
-11
Lord_Wilfredo
6:36 Loom
9:32 Feudal Age
10:09 Double-Bit Axe
11:06 Horse Collar
16:57 Forging
17:23 Bloodlines
17:58 Scale Barding Armor
25:45 Wheelbarrow
28:58 Castle Age
28:59 Light Cavalry
30:17 Iron Casting
29:47 Husbandry
FreakinGorkha
6:44 Loom
8:47 Feudal Age
11:58 Wheelbarrow
13:41 Fletching
15:58 Wheelbarrow
21:33 Castle Age
22:25 Bodkin Arrow
22:07 Crossbowman
25:03 Double-Bit Axe
24:59 Horse Collar
27:13 Gold Mining
28:32 Bow Saw
30:18 Thumb Ring
tH_cept
3:57 Loom
10:22 Feudal Age
18:35 Fletching
20:34 Padded Archer Armor
21:55 Horse Collar
28:18 Castle Age
26:54 Double-Bit Axe
28:25 Crossbowman
29:04 Bodkin Arrow
29:17 Thumb Ring
lucaspeixoto2584
9:10 Feudal Age
9:55 Double-Bit Axe
9:52 Horse Collar
21:34 Castle Age
20:44 Bloodlines
20:50 Forging
21:36 Scale Barding Armor
22:21 Husbandry
21:42 Light Cavalry
28:41 Heavy Plow
The Viejo
8:54 Feudal Age
9:29 Double-Bit Axe
14:49 Fletching
ChrjstOfF
6:58 Loom
9:20 Feudal Age
9:53 Double-Bit Axe
11:54 Bloodlines
17:58 Scale Barding Armor
19:45 Forging
26:20 Castle Age
27:30 Chain Barding Armor
Vizconde Medardo
11:03 Feudal Age
15:07 Castle Age
15:45 Loom
17:47 Scale Barding Armor
20:53 Forging
21:56 Husbandry
KRON ツ
6:01 Loom
9:06 Feudal Age
9:15 Man-at-Arms
14:31 Horse Collar
18:13 Wheelbarrow
22:04 Castle Age
20:35 Stone Mining
21:48 Gold Mining
Connection lost

Rejoining the realm…

Still unreachable

The connection could not be restored.

Session expired

The server has moved on; the page needs a fresh start.